TOP OF THE 1ST |
Colorado Commanders batting - Pitching for Salem Sledgehammers : RHP José López
|
Pitching: RHP José López
|
|
Batting: RHB John Riley
|
0-0: Called Strike 0-1: Ball 1-1: Foul Ball, location: 2F 1-2: Strikes out swinging
|
Batting: RHB Joe Haley
|
0-0: Called Strike 0-1: SINGLE (Flyball, 9LS)
|
Batting: LHB Rafael Delgado
|
0-0: Ball Pickoff Throw by Catcher to First - Error! E2 Joe Haley to second 1-0: Foul Ball, location: 2F 1-1: Ball 2-1: Fly out, F9 (Popup, 34D)
|
Batting: RHB Emílio Bruno
|
0-0: Ball 1-0: Called Strike 1-1: Ball 2-1: Reached on error, E5 (Groundball, 5S) Joe Haley scores
|
Batting: RHB Diego Francisco
|
0-0: Called Strike 0-1: Ball 1-1: Ball 2-1: Ball 3-1: Base on Balls
|
Batting: RHB Emiel van Rhee
|
0-0: Swinging Strike 0-1: Called Strike 0-2: Ball 1-2: Strikes out swinging
|
Top of the 1st over - 1 run(s), 1 hit(s), 2 error(s), 2 left on base; Colorado 1 - Salem 0 |
BOTTOM OF THE 1ST |
Salem Sledgehammers batting - Pitching for Colorado Commanders : LHP Sean Perry
|
Pitching: LHP Sean Perry
|
|
Batting: RHB William Richardson
|
0-0: Ball 1-0: Ball 2-0: Ground out 6-3 (Groundball, 6)
|
Batting: SHB Júlio Salazar
|
0-0: Called Strike 0-1: Called Strike 0-2: Ball 1-2: Fly out, F3 (Popup, 3DF)
|
Batting: SHB Lee Townsend
|
0-0: Ball 1-0: Ball 2-0: Ball 3-0: Called Strike 3-1: Hit by Pitch
|
Batting: RHB Earnest Finnegan
|
0-0: Ball 1-0: Ground out 6-3 (Groundball, 6)
|
Bottom of the 1st over - 0 run(s), 0 hit(s), 0 error(s), 1 left on base; Colorado 1 - Salem 0 |
TOP OF THE 2ND |
Colorado Commanders batting - Pitching for Salem Sledgehammers : RHP José López
|
Batting: LHB John Nicholson
|
0-0: Foul Ball, location: 2F 0-1: Ball 1-1: Foul Ball, location: 2F 1-2: Ball 2-2: SINGLE (Line Drive, 89M)
|
Batting: RHB Xavier De La Cruz
|
0-0: Foul Ball, location: 2F 0-1: Fly out, F8 (Flyball, 8RS)
|
Batting: RHB Keith Jones
|
0-0: Ground out 6-3 (Groundball, 6MS) John Nicholson to second
|
Batting: RHB John Riley
|
0-0: Ball 1-0: Called Strike 1-1: SINGLE (Groundball, 6MD) John Nicholson to third Runner from 3rd tries for Home, SAFE, no throw or cutoff
|
Batting: RHB Joe Haley
|
0-0: Ball 1-0: SINGLE (Groundball, 34D) John Riley to second Runner from 2nd tries for 3rd, OUT!
|
Top of the 2nd over - 1 run(s), 3 hit(s), 0 error(s), 1 left on base; Colorado 2 - Salem 0 |
BOTTOM OF THE 2ND |
Salem Sledgehammers batting - Pitching for Colorado Commanders : LHP Sean Perry
|
Batting: SHB Pepe Piña
|
0-0: Called Strike 0-1: Ball 1-1: Ball 2-1: Ball 3-1: Called Strike 3-2: DOUBLE (Line Drive, 7LS)
|
Batting: LHB Brent Alonzo
|
0-0: Swinging Strike 0-1: Swinging Strike 0-2: Strikes out looking
|
Batting: LHB José Rivera
|
0-0: Ball 1-0: Foul Ball, location: 2F 1-1: Ball 2-1: Fly out, F8 (Flyball, 8RXD) Runner from 2nd tags up, SAFE at 3rd, no throw
|
Batting: RHB Fernando Pérez
|
0-0: Foul Ball, location: 2F 0-1: Swinging Strike 0-2: Foul Ball, location: 2F 0-2: Strikes out swinging
|
Bottom of the 2nd over - 0 run(s), 1 hit(s), 0 error(s), 1 left on base; Colorado 2 - Salem 0 |
TOP OF THE 3RD |
Colorado Commanders batting - Pitching for Salem Sledgehammers : RHP José López
|
Batting: LHB Rafael Delgado
|
0-0: Ball 1-0: Foul Ball, location: 2F 1-1: Ball 2-1: Fly out, F9 (Line Drive, 89M)
|
Batting: RHB Emílio Bruno
|
0-0: Fly out, F9 (Flyball, 9LS)
|
Batting: RHB Diego Francisco
|
0-0: Fly out, F7 (Line Drive, 78M)
|
Top of the 3rd over - 0 run(s), 0 hit(s), 0 error(s), 0 left on base; Colorado 2 - Salem 0 |
BOTTOM OF THE 3RD |
Salem Sledgehammers batting - Pitching for Colorado Commanders : LHP Sean Perry
|
Batting: RHB Ryan Cates
|
0-0: Called Strike 0-1: Ball 1-1: Ball 2-1: Foul Ball, location: 2F 2-2: Foul Ball, location: 2F 2-2: Foul Ball, location: 2F 2-2: Strikes out swinging
|
Batting: RHB William Richardson
|
0-0: Ball 1-0: Ball 2-0: Called Strike 2-1: Called Strike 2-2: Ball 3-2: Base on Balls
|
Batting: SHB Júlio Salazar
|
0-0: Ball 1-0: Ball 2-0: Swinging Strike 2-1: Swinging Strike 2-2: Ball 3-2: Strikes out looking
|
Batting: SHB Lee Townsend
|
0-0: Ball 1-0: Ball 2-0: Ball 3-0: Called Strike 3-1: Swinging Strike 3-2: Foul Ball, location: 2F 3-2: Ground out 5-3 (Groundball, 5)
|
Bottom of the 3rd over - 0 run(s), 0 hit(s), 0 error(s), 1 left on base; Colorado 2 - Salem 0 |
TOP OF THE 4TH |
Colorado Commanders batting - Pitching for Salem Sledgehammers : RHP José López
|
Batting: RHB Emiel van Rhee
|
0-0: Ball 1-0: Called Strike 1-1: Ball 2-1: Ball 3-1: Foul Ball, location: 2F 3-2: Fly out, F9 (Line Drive, 9S)
|
Batting: LHB John Nicholson
|
0-0: Called Strike 0-1: Swinging Strike 0-2: Ball 1-2: Strikes out looking
|
Batting: RHB Xavier De La Cruz
|
0-0: Ball 1-0: Ball 2-0: Fly out, F9 (Flyball, 9LS)
|
Top of the 4th over - 0 run(s), 0 hit(s), 0 error(s), 0 left on base; Colorado 2 - Salem 0 |
BOTTOM OF THE 4TH |
Salem Sledgehammers batting - Pitching for Colorado Commanders : LHP Sean Perry
|
Batting: RHB Earnest Finnegan
|
0-0: Called Strike 0-1: Swinging Strike 0-2: Strikes out looking
|
Batting: SHB Pepe Piña
|
0-0: Swinging Strike 0-1: Ball 1-1: Ball 2-1: Ground out 6-3 (Groundball, 6)
|
Batting: LHB Brent Alonzo
|
0-0: Ball 1-0: Foul Ball, location: 2F 1-1: Ball 2-1: Called Strike 2-2: Strikes out swinging
|
Bottom of the 4th over - 0 run(s), 0 hit(s), 0 error(s), 0 left on base; Colorado 2 - Salem 0 |
TOP OF THE 5TH |
Colorado Commanders batting - Pitching for Salem Sledgehammers : RHP José López
|
Batting: RHB Keith Jones
|
0-0: Ball 1-0: Fly out, F6 (Popup, 6)
|
Batting: RHB John Riley
|
0-0: Ball 1-0: Ball 2-0: Foul Ball, location: 2F 2-1: Called Strike 2-2: Foul Ball, location: 2F 2-2: Strikes out swinging
|
Batting: RHB Joe Haley
|
0-0: Ball 1-0: Called Strike 1-1: Swinging Strike 1-2: Fly out, F9 (Flyball, 9M)
|
Top of the 5th over - 0 run(s), 0 hit(s), 0 error(s), 0 left on base; Colorado 2 - Salem 0 |
BOTTOM OF THE 5TH |
Salem Sledgehammers batting - Pitching for Colorado Commanders : LHP Sean Perry
|
Batting: LHB José Rivera
|
0-0: Ball 1-0: Called Strike 1-1: Swinging Strike 1-2: Ball 2-2: Foul Ball, location: 2F 2-2: Ball 3-2: Foul Ball, location: 2F 3-2: Foul Ball, location: 2F 3-2: Base on Balls
|
Batting: RHB Fernando Pérez
|
0-0: Called Strike 0-1: Ball José Rivera steals 2nd base 1-1: Ground out 4-3 (Groundball, 4) José Rivera to third
|
Batting: RHB Ryan Cates
|
0-0: Called Strike 0-1: Ball 1-1: Swinging Strike 1-2: Strikes out swinging
|
Pitching: RHP Bill Davis
|
|
Batting: RHB William Richardson
|
0-0: Ball 1-0: Ball 2-0: Called Strike 2-1: Ball 3-1: Swinging Strike 3-2: Base on Balls
|
Batting: SHB Júlio Salazar
|
0-0: Called Strike 0-1: Called Strike 0-2: Strikes out swinging
|
Bottom of the 5th over - 0 run(s), 0 hit(s), 0 error(s), 2 left on base; Colorado 2 - Salem 0 |
TOP OF THE 6TH |
Colorado Commanders batting - Pitching for Salem Sledgehammers : RHP José López
|
Batting: LHB Rafael Delgado
|
0-0: Ground out 4-3 (Groundball, 4)
|
Batting: RHB Emílio Bruno
|
0-0: Ball 1-0: Fly out, F8 (Flyball, 89XD)
|
Batting: RHB Diego Francisco
|
0-0: Ball 1-0: Called Strike 1-1: Foul Ball, location: 2F 1-2: DOUBLE (Groundball, 5L)
|
Batting: RHB Emiel van Rhee
|
0-0: Ball 1-0: DOUBLE (Flyball, 9LM) Diego Francisco scores
|
Batting: LHB John Nicholson
|
0-0: Ball 1-0: Ground out 6-3 (Groundball, 6M)
|
Top of the 6th over - 1 run(s), 2 hit(s), 0 error(s), 1 left on base; Colorado 3 - Salem 0 |
BOTTOM OF THE 6TH |
Salem Sledgehammers batting - Pitching for Colorado Commanders : RHP Bill Davis
|
Batting: SHB Lee Townsend
|
0-0: Ball 1-0: Ball 2-0: Called Strike 2-1: SINGLE (Groundball, 4MD)
|
Batting: RHB Earnest Finnegan
|
0-0: Ball 1-0: DOUBLE (Flyball, 78D) Lee Townsend to third
|
Batting: SHB Pepe Piña
|
0-0: Ball 1-0: Called Strike 1-1: Ball 2-1: Foul Ball, location: 2F 2-2: Ball 3-2: SINGLE (Line Drive, 6MD) Lee Townsend scores Earnest Finnegan to third Runner from 3rd tries for Home, throw and OUT! Pepe Piña to second
|
Batting: LHB Brent Alonzo
|
0-0: Ground out 5-3 (Groundball, 15S) Pepe Piña to third
|
Batting: LHB José Rivera
|
0-0: Swinging Strike 0-1: Ball 1-1: Swinging Strike 1-2: Strikes out looking
|
Bottom of the 6th over - 1 run(s), 3 hit(s), 0 error(s), 1 left on base; Colorado 3 - Salem 1 |
TOP OF THE 7TH |
Colorado Commanders batting - Pitching for Salem Sledgehammers : RHP José López
|
Batting: RHB Xavier De La Cruz
|
0-0: Ball 1-0: Swinging Strike 1-1: Foul Ball, location: 2F 1-2: Strikes out swinging
|
Batting: RHB Keith Jones
|
0-0: Ball 1-0: Ground out 4-3 (Groundball, 4M)
|
Batting: RHB John Riley
|
0-0: Ground out 6-3 (Groundball, 6M)
|
Top of the 7th over - 0 run(s), 0 hit(s), 0 error(s), 0 left on base; Colorado 3 - Salem 1 |
BOTTOM OF THE 7TH |
Salem Sledgehammers batting - Pitching for Colorado Commanders : RHP Bill Davis
|
Batting: RHB Fernando Pérez
|
0-0: Swinging Strike 0-1: Ball 1-1: Fly out, F9 (Flyball, 89S)
|
Pitching: RHP Tony Henderson
|
|
Batting: RHB Ryan Cates
|
0-0: Ball 1-0: Called Strike 1-1: Ground out 5-3 (Groundball, 56)
|
Batting: RHB William Richardson
|
0-0: Ball 1-0: Called Strike 1-1: Ball 2-1: Ground out 5-3 (Groundball, 5)
|
Bottom of the 7th over - 0 run(s), 0 hit(s), 0 error(s), 0 left on base; Colorado 3 - Salem 1 |
TOP OF THE 8TH |
Colorado Commanders batting - Pitching for Salem Sledgehammers : RHP José López
|
Pitching: RHP Omar Camacho
|
|
Batting: RHB Joe Haley
|
0-0: Ball 1-0: Ball 2-0: Foul Ball, location: 2F 2-1: Foul Ball, location: 2F 2-2: Strikes out swinging
|
Batting: LHB Rafael Delgado
|
0-0: Called Strike 0-1: Foul Ball, location: 2F 0-2: Foul Ball, location: 2F 0-2: Ball 1-2: Foul Ball, location: 2F 1-2: Foul Ball, location: 2F 1-2: Ball 2-2: Strikes out looking
|
Batting: RHB Emílio Bruno
|
0-0: Ball 1-0: Foul Ball, location: 2F 1-1: Foul Ball, location: 2F 1-2: Strikes out swinging
|
Top of the 8th over - 0 run(s), 0 hit(s), 0 error(s), 0 left on base; Colorado 3 - Salem 1 |
BOTTOM OF THE 8TH |
Salem Sledgehammers batting - Pitching for Colorado Commanders : RHP Tony Henderson
|
Batting: SHB Júlio Salazar
|
0-0: Foul Ball, location: 2F 0-1: Ball 1-1: Swinging Strike 1-2: Foul Ball, location: 2F 1-2: Ball 2-2: Ball 3-2: Strikes out swinging
|
Batting: SHB Lee Townsend
|
0-0: Ball 1-0: Ball 2-0: Called Strike 2-1: Foul Ball, location: 2F 2-2: Strikes out swinging
|
Batting: RHB Earnest Finnegan
|
0-0: Called Strike 0-1: Swinging Strike 0-2: Foul Ball, location: 2F 0-2: Ball 1-2: Reached on error, E6 (Groundball, 6)
|
Pitching: LHP Albert Alonzo
|
|
Batting: SHB Pepe Piña
|
0-0: Called Strike 0-1: Ball 1-1: Fly out, F1 (Line Drive, 13S)
|
Bottom of the 8th over - 0 run(s), 0 hit(s), 1 error(s), 1 left on base; Colorado 3 - Salem 1 |
TOP OF THE 9TH |
Colorado Commanders batting - Pitching for Salem Sledgehammers : RHP Omar Camacho
|
Batting: RHB Diego Francisco
|
0-0: Ball 1-0: Ball 2-0: Ball 3-0: Called Strike 3-1: Ground out 5-3 (Groundball, 5S)
|
Batting: RHB Emiel van Rhee
|
0-0: Fly out, F9 (Flyball, 9M)
|
Batting: LHB John Nicholson
|
0-0: Called Strike 0-1: Ball 1-1: Ball 2-1: Ball 3-1: DOUBLE (Line Drive, 89M)
|
Batting: RHB Xavier De La Cruz
|
0-0: Called Strike 0-1: Ball 1-1: Foul Ball, location: 2F 1-2: Ball 2-2: Fly out, F8 (Popup, 8LS)
|
Top of the 9th over - 0 run(s), 1 hit(s), 0 error(s), 1 left on base; Colorado 3 - Salem 1 |
BOTTOM OF THE 9TH |
Salem Sledgehammers batting - Pitching for Colorado Commanders : LHP Albert Alonzo
|
Pitching: LHP Jerry Beck
|
|
Batting: LHB Brent Alonzo
|
0-0: Reached on error, E3 (Groundball, 3L)
|
Pinch Hitting: RHB B.J. Allen
|
0-0: Called Strike 0-1: Foul Ball, location: 2F 0-2: Ball 1-2: Ball 2-2: Ball 3-2: Fly out, F8 (Flyball, 8LM)
|
Batting: RHB Fernando Pérez
|
0-0: Ball 1-0: Foul Ball, location: 2F 1-1: Ball 2-1: Foul Ball, location: 2F 2-2: Fly out, F6 (Line Drive, 6)
|
Pinch Hitting: SHB Luis Alonso
|
0-0: Ball 1-0: Ball 2-0: Fielders Choice at 2nd, 6-4 (Groundball, 6)
|
Bottom of the 9th over - 0 run(s), 0 hit(s), 1 error(s), 0 left on base; Colorado 3 - Salem 1 |
|